 Dungeon Crawl Stone Soup version 0.21.1-1-g345015f (webtiles) character file.

25 Mgcat the Charmwright (level 2, 0/23 HPs)
             Began as a Demonspawn Skald on Mar 20, 2018.
             Slain by a kobold
             ... wielding a +1 short sword of electrocution
              (19 damage)
             ... on level 2 of the Dungeon.
             The game lasted 00:01:35 (1022 turns).

Mgcat the Charmwright (Demonspawn Skald)            Turns: 1022, Time: 00:01:36

Health: 0/23       AC:  3    Str: 11    XL:     2   Next: 86%
Magic:  4/5        EV: 11    Int: 14    God:
Gold:   137        SH:  0    Dex: 12    Spells: 2/5 levels left

rFire    . . .     SeeInvis .   a - +0 hand axe
rCold    . . .     Gourm    .   (no shield)
rNeg     . . .     Faith    .   b - +0 leather armour
rPois    .         Spirit   .   (no helmet)
rElec    .         Reflect  .   (no cloak)
rCorr    .         Harm     .   (no gloves)
MR       .....                  (no boots)
Stlth    +.........             (no amulet)
HPRegen  0.07/turn              (no ring)
MPRegen  0.09/turn              (no ring)

@: infused
A: hooves 1
a: no special abilities


You were on level 2 of the Dungeon.
You were not hungry.

You visited 1 branch of the dungeon, and saw 2 of its levels.

You collected 137 gold pieces.

Inventory:

Hand Weapons
 a - a +0 hand axe (weapon)
Armour
 b - a +0 leather armour (worn)
Scrolls
 e - a scroll of amnesia {unknown}
 g - a scroll of remove curse {unknown}
 h - 2 scrolls of identify {unknown}
 k - a scroll of enchant armour {unknown}
 l - a scroll of immolation {unknown}
Potions
 f - a potion of berserk rage {unknown}
 j - 2 potions of heal wounds {unknown}
 m - a potion of magic {unknown}
Books
 c - a book of Battle
Comestibles
 d - 2 rations
 i - 4 chunks of flesh {@w0}


   Skills:
 + Level 2.5 Fighting
 + Level 2.2 Axes
 - Level 0.8 Armour
 - Level 1.7 Dodging
 - Level 2.0 Spellcasting
 + Level 3.1 Charms


You had 2 spell levels left.
You knew the following spells:

 Your Spells              Type           Power        Failure   Level  Hunger
a - Infusion              Chrm           ##..         9%          1    ##.....
b - Song of Slaying       Chrm           ##......     13%         2    ###....


Dungeon Overview and Level Annotations

Branches:
Dungeon (2/15)

Altars:


Innate Abilities, Weirdness & Mutations

You have large cloven feet.


Message History

You miss the adder.
The adder is severely wounded.
You feel sick. The adder bites you.
You hit the adder.
You kill the adder!
Your Charms skill increases to level 3!
You feel sick.
Unknown command.
You feel sick.
You are no longer magically infusing your attacks.
You feel sick.
Magic restored.
You feel sick.
You feel sick.
You feel sick.
You are no longer poisoned.
HP restored.
You butcher the rat corpse.
i - a chunk of flesh {@w0}
m - a viscous inky potion Memorise Song of Slaying, consuming 2 spell levels and leaving 2?
You start memorising the spell.
You continue memorising. x2
You finish memorising.
Spell assigned to 'b'.
A goblin comes into view. It is wielding a dagger.
The goblin shouts!
The goblin moves out of view.
The goblin is too close now for your liking.
Casting: Infusion
Confirm with . or Enter, or press ? or * to list all spells.
You begin infusing your attacks with magical energy.
A rat comes into view.
The goblin hits you with a dagger.
You hit the goblin.
You kill the goblin!
A hobgoblin comes into view. It is wielding a club.
A bat comes into view.
The hobgoblin shouts!
You see here a dagger.
The bat barely misses you. The bat closely misses you.
The bat barely misses you.
Your magical infusion is running out.
The bat barely misses you. The bat hits you but does no damage.
The bat hits you but does no damage.
You barely miss the bat. Your kick misses the bat.
The bat barely misses you. x2
You miss the bat. The bat hits you but does no damage. The bat misses you.
You hit the bat.
You kill the bat!
You barely miss the rat.
You are no longer magically infusing your attacks.
The rat bites you.
Casting: Infusion
Confirm with . or Enter, or press ? or * to list all spells.
You begin infusing your attacks with magical energy.
The rat barely misses you.
You hit the rat. You kick the rat, but do no damage.
The rat is severely wounded.
The rat bites you.
You are too injured to fight recklessly!
You are too injured to fight recklessly!
You are too injured to fight recklessly!
You are too injured to fight recklessly!
You closely miss the rat.
The rat is severely wounded.
The rat bites you. The rat bites you but does no damage.
You barely miss the rat.
You kill the rat!
You barely miss the hobgoblin. You kick the hobgoblin.
The hobgoblin is heavily wounded.
The hobgoblin hits you with a club.
You barely miss the hobgoblin.
The hobgoblin is heavily wounded.
The hobgoblin misses you.
You hit the hobgoblin. Your kick misses the hobgoblin.
The hobgoblin is severely wounded.
The hobgoblin hits you with a club.
You hit the hobgoblin.
You kill the hobgoblin!
Your magical infusion is running out.
You are no longer magically infusing your attacks.
All of the chunks of flesh in your inventory have rotted away.
Things that are here:
a club; a hobgoblin corpse; a bat corpse You butcher the hobgoblin corpse.
i - 3 chunks of flesh {@w0} You butcher the bat corpse.
i - 4 chunks of flesh {@w0} (gained 1)
You see here a club. x2
You open the door.
There is an open door here.
A kobold comes into view.
It is wielding a short sword of electrocution.
The kobold shouts!
A worm comes into view.
Casting: Infusion
Confirm with . or Enter, or press ? or * to list all spells.
You begin infusing your attacks with magical energy.
The kobold hits you but does no damage.
You are electrocuted!
Ouch! That really hurt!
You die...

.....###..... #
............ .##
........... .... . #....
..........##... .. ##.....
............. ... .....
...........# ... #...#
...........# .. #...#
.......)..##.# #+# #...#
..........@K.# #.# #...#
..........########.###...##
...........)...............
..........########.########
########'#########.#
#...........# #############


You could see a kobold.

Vanquished Creatures
  An adder (D:2)
  A leopard gecko (D:1)
  4 bats
  A giant cockroach (D:1)
  2 goblins
  A hobgoblin (D:2)
  2 kobolds (D:1)
  3 rats
15 creatures vanquished.

Notes
Turn   | Place    | Note
-------+----------+-------------------------------------------
     0 | D:1      | Mgcat the Demonspawn Skald began the quest for the Orb.
     0 | D:1      | Reached XP level 1. HP: 16/16 MP: 3/3
   365 | D:1      | Reached skill level 2 in Axes
   386 | D:1      | Gained mutation: You have large cloven feet. [demonic ancestry]
   386 | D:1      | Reached XP level 2. HP: 10/22 MP: 5/5
   693 | D:2      | Reached skill level 3 in Charms
   826 | D:2      | Learned a level 2 spell: Song of Slaying
  1022 | D:2      | Slain by a kobold

Skill      XL: |  1  2 |
---------------+-------+-----
Axes           | 2 |  2.2
Charms         | 3 |  3.1
Fighting       | |  2.5
Armour         | |  0.8
Dodging        | |  1.7
Spellcasting   | |  2.0

Action                   || total
-------------------------++-------
Melee: Hand axe          ||    50
       Kick              ||     6
 Cast: Infusion          ||     6
Armor: Leather armour    ||    24
Dodge: Dodged            ||    39

Vault maps used:
D:1:      co_arrival_hexagon_in_a_hexagon, minmay_fountain_box
D:2:      nicolae_overflow_hidden_temple

Table legend:
 A = Turns spent in this place as a percentage of turns spent in the entire game.
 B = Non-inter-level travel turns spent in this place as a percentage of non-inter-level travel turns spent in the entire game.
 C = Inter-level travel turns spent in this place as a percentage of turns spent in this place.
 D = Turns resting spent in this place as a percentage of non-inter-level travel turns spent in this place.
 E = Turns spent auto-exploring this place as a percentage of non-inter-level travel turns spent in this place.
 F = Non-inter-level travel turns spent in this place divided by the number of levels of this place that you've seen.
                   A       B       C       D       E      F
               +-------+-------+-------+-------+-------+----------------------
         Total | 100.0 | 100.0 |   1.7 |   0.0 |  88.7 | 502.5
       Dungeon | 100.0 | 100.0 |   1.7 |   0.0 |  88.7 | 502.5
               +-------+-------+-------+-------+-------+----------------------

Table legend:
 A = Kills in this place as a percentage of kills in entire the game.
 B = Kills by you in this place as a percentage of kills by you in the entire game.
 C = Kills by friends in this place as a percentage of kills by friends in the entire game.
 D = Other kills in this place as a percentage of other kills in the entire game.
 E = Experience gained in this place as a percentage of experience gained in the entire game.
 F = Experience gained in this place divided by the number of levels of this place that you have seen.
                   A       B       C       D       E      F
               +-------+-------+-------+-------+-------+----------------------
         Total | 100.0 | 100.0 |   N/A |   N/A | 100.0 |  18.5
       Dungeon | 100.0 | 100.0 |   N/A |   N/A | 100.0 |  18.5
               +-------+-------+-------+-------+-------+----------------------
